 Dungeon Crawl Stone Soup version 0.24-a0-434-gd57e52fea8 (webtiles) character file.

Game seed: 4587656383636128979

117 Amnesiac the Digger (level 4, 0/30 HPs)
             Began as a Mummy Earth Elementalist on June 16, 2019.
             Shot with an arrow by a centaur (17 damage)
             ... on level 3 of the Dungeon.
             The game lasted 00:06:14 (1200 turns).

Amnesiac the Digger (Mummy Earth Elementalist)      Turns: 1200, Time: 00:06:15

Health: 0/30       AC:  2    Str: 11    XL:     4   Next: 71%
Magic:  10/10      EV: 12    Int: 15    God:
Gold:   39         SH:  0    Dex: 12    Spells: 8/11 levels left

rFire    x . .     SeeInvis .   i - +0 lajatang
rCold    + . .     Gourm    .   (shield currently unavailable)
rNeg     + + +     Faith    .   c - +0 robe
rPois    ∞         Spirit   .   (no helmet)
rElec    .         Reflect  .   (no cloak)
rCorr    .         Harm     .   (no gloves)
MR       +....                  (no boots)
Stlth    ++........             (no amulet)
HPRegen  0.10/turn              d - +1 ring of slaying
MPRegen  0.12/turn              k - ring of protection from magic

@: no status effects
A: no food or potions, fire vulnerability, cold resistance 1, negative energy
resistance 3, torment resistance, unbreathing
a: no special abilities


You were on level 3 of the Dungeon.
You were not hungry.

You visited 1 branch of the dungeon, and saw 4 of its levels.

You collected 39 gold pieces.

Inventory:

Hand Weapons
 i - a +0 lajatang (weapon)
Missiles
 a - 7 javelins (quivered)
 b - 33 stones
Armour
 c - a +0 robe (worn)
Jewellery
 d - a +1 ring of slaying (left hand)
 k - a ring of protection from magic (right hand)
Wands
 j - a wand of acid (4)
 l - a wand of flame (18)
Scrolls
 e - a scroll of immolation {!r, unknown}
 f - a scroll of amnesia {!r, unknown}
 g - a scroll of enchant weapon {!r, unknown}
 h - a scroll of remove curse {!r}


   Skills:
 - Level 1.5 Dodging
 - Level 1.5 Stealth
 + Level 4.0 Spellcasting
 - Level 0.7 Transmutations
 * Level 4.0 Earth Magic


You had 8 spell levels left.
You knew the following spells:

 Your Spells              Type           Power        Failure   Level  Hunger
a - Sandblast             Erth           ###...       3%          1    N/A
b - Passwall              Tmut/Erth      ##......     11%         2    N/A

Your spell library contained the following spells:

 Spells                   Type           Power        Failure   Level  Hunger
 Stone Arrow              Conj/Erth      #.....       24%         3    N/A
 Petrify                  Tmut/Erth      ##......     56%         4    N/A
 Lee's Rapid Deconstruct  Erth           ###.......   67%         5    N/A

Dungeon Overview and Level Annotations

Branches:
Dungeon (4/15)
 Temple: D:4-7

Altars:
Okawaru


Innate Abilities, Weirdness & Mutations

You do not eat or drink.
Your flesh is vulnerable to fire.
You are immune to poison.
Your flesh is cold resistant. (rC+)
You are immune to negative energy. (rN+++)
You are immune to unholy pain and torment.
You can survive without breathing.


Message History

You hit the giant cockroach.
You kill the giant cockroach!
No target in view!
Found a scroll labeled FOUM VOYTE.
You now have 39 gold pieces (gained 8).
A bat comes into view.
A bat is nearby!
The bat barely misses you.
You miss the bat. The bat misses you. The bat closely misses you.
The bat closely misses you. The bat misses you.
You closely miss the bat. The bat barely misses you. The bat misses you.
The bat barely misses you. The bat closely misses you.
You miss the bat. The bat hits you. The bat misses you. The bat hits you.
The bat hits you but does no damage.
You barely miss the bat. The bat hits you but does no damage.
The bat hits you but does no damage.
You miss the bat. The bat barely misses you. The bat misses you.
You slash the bat!
You kill the bat!
No target in view!
No target in view!
No target in view!
No target in view!
No target in view!
No target in view!
No target in view!
No target in view!
No target in view!
No target in view!
No target in view!
No target in view!
g - a scroll labeled FOUM VOYTE {!r} You open the large door.
There is a large open door here.
As you open the door, it creaks loudly!
There is an open door here.
Found a stone staircase leading down.
There is a stone staircase leading down here.
You climb downwards.
Found a moonstone ring and a lead wand.
There is a stone staircase leading up here.
k - a moonstone ring
l - a wand of flame (18) Put on which piece of jewellery? (? for menu, Esc to quit)
k - a ring of protection from magic (right hand)
There is a stone staircase leading up here.
You climb upwards.
There is a stone staircase leading down here.
A giant cockroach comes into view.
Found a ring mail.
A centaur comes into view.
The centaur shouts!
The centaur wields a +0 shortbow.
The centaur shoots an arrow.
The arrow hits you!
The centaur shoots an arrow.
The arrow completely misses you.
You see here an arrow.
The centaur shoots an arrow.
The arrow hits you!
Ouch! That really hurt!
You die...

#. #####... ..........
#####...........
................ ...
####+#.........#### ....
##..............s.#..c..
................@........
......##+##....(.........
......#...#..............
......#...#............##
......#..........[.....#
....'##.....#+##........#
....'.'.....#.##........#
....###...#.#.##........
....# #...#...# .......


You could see a centaur and a giant cockroach.

Vanquished Creatures
  A scorpion (D:3)
  2 adders (D:2)
  An ooze (D:3)
  3 worms (D:2)
  3 leopard geckos
  3 bats
  2 giant cockroaches (D:3)
  4 goblins
  5 hobgoblins
  4 jackals (D:1)
  A kobold (D:2)
  A ball python (D:1)
  6 rats
36 creatures vanquished.

Notes
Turn   | Place    | Note
-------+----------+-------------------------------------------
     0 | D:1      | Amnesiac the Mummy Earth Elementalist began the quest for
                  | the Orb.
     0 | D:1      | Reached XP level 1. HP: 13/13 MP: 4/4
    40 | D:1      | Reached XP level 2. HP: 17/19 MP: 2/5
    72 | D:1      | Learned a level 2 spell: Passwall
   429 | D:2      | Reached XP level 3. HP: 16/24 MP: 1/7
   682 | D:2      | Found an iron altar of Okawaru.
   813 | D:3      | Noticed a scorpion
   823 | D:3      | Killed a scorpion
   823 | D:3      | Reached XP level 4. HP: 26/30 MP: 2/9
  1197 | D:3      | Noticed a centaur
  1200 | D:3      | Shot with an arrow by a centaur

Levels and vault maps discovered:
D:1:      scummos_arrival_forest, layout_basic, serial_bayou_lake_a
D:2:      layout_rooms, okawaru_gym_becter, lightli_temple_of_fire,
          minmay_randomly_rotated_circles
D:3:      layout_basic, lemuel_round_altar, serial_park_tiny_pond,
          trog_hazing_becter
D:4:      layout_rooms, lemuel_round_altar, kennysheep_mini_moat,
          lemuel_doored_altar, kennysheep_mini, first_ration,
          kennysheep_generic_room_12, uniq_ijyb

Skill      XL: |  1  2  3  4 |
---------------+-------------+-----
Earth Magic    | 3 4 |  4.0
Spellcasting   | 3 4 |  4.0
Dodging        | |  1.5
Stealth        | |  1.5
Transmutations | |  0.7

Action                   |  1- 3 |  4- 6 || total
-------------------------+-------+-------++-------
Melee: Unarmed           |    19 |       ||    19
       Quarterstaff      |    18 |     9 ||    27
       Lajatang          |       |     8 ||     8
Throw: Javelin           |    24 |       ||    24
       Stone             |     8 |       ||     8
 Cast: Sandblast         |    25 |     7 ||    32
       Passwall          |    10 |       ||    10
  Use: Scroll            |       |     2 ||     2
 Stab: Sleeping          |       |     1 ||     1
Armor: Robe              |    25 |     6 ||    31
Dodge: Dodged            |    53 |    20 ||    73

Table legend:
 A = Non-vault XP
 B = Vault XP
 C = Vault XP percentage of total XP
 D = Non-vault monster count
 E = Vault monster count
 F = Vault count percentage of total count
                 A         B        C        D         E       F
            +---------+---------+-------+---------+---------+-------
      Total |     132 |      36 |  21.4 |      30 |       6 |  16.7
            +---------+---------+-------+---------+---------+-------
        D:1 |      16 |       0 |   0.0 |       9 |       0 |   0.0
        D:2 |      24 |      36 |  60.0 |      10 |       6 |  37.5
        D:3 |      92 |       0 |   0.0 |      11 |       0 |   0.0
            +---------+---------+-------+---------+---------+-------
